AoeStats
← MyGO.Soyo

Arena

509085319Analyzed
4v4 RM · 6d ago on Sep 25, 2026· 50m 56s· 8 players
Game mode
Random Map
Map size
Large (8 player)
Population
200
Speed
Normal
Resources
Standard
Victory
Conquest
Starting age
Dark Age
Ending age
Imperial Age
RankedLock teamsTeams togetherTeam positionsShared explorationLock speedFull tech treeHidden civsTurbo modeCheats
Victory
Defeat
🇬🇧 Chinese · United Kingdom
1180
+17
🇨🇳 Lithuanians · China
1149
+18
🇨🇳 Saxons · China
1136
+19
🇨🇳 Hindustanis · China
1132
+19
🇦🇺 Britons · Australia
1206
-19
🇦🇺 Danes · Australia
1206
-19
🇦🇺 Burgundians · Australia
1189
-18
🇦🇺 Saxons · Australia
1173
-17
kqq
0:31 Loom
11:36 Feudal Age
15:11 Castle Age
13:01 Horse Collar
13:34 Double-Bit Axe
17:13 Wheelbarrow
22:12 Heavy Plow
23:04 Bow Saw
23:27 Fletching
24:22 Gold Mining
26:59 Bodkin Arrow
30:15 Imperial Age
29:20 Padded Archer Armor
29:01 Pikeman
29:43 Scale Mail Armor
30:06 Ballistics
30:28 Leather Archer Armor
31:26 Thumb Ring
31:32 Bracer
32:02 Ring Archer Armor
32:33 Chemistry
31:54 Hand Cart
32:41 Two-Man Saw
31:51 Squires
32:33 Conscription
31:53 Halberdier
33:19 Chain Mail Armor
33:52 Gold Shaft Mining
33:43 Elite Chu Ko Nu
34:49 Bombard Tower
34:38 Stone Mining
35:35 Great Wall
35:47 Masonry
36:25 Plate Mail Armor
36:06 Forging
39:43 Iron Casting
39:41 Architecture
39:18 Capped Ram
40:11 Siege Ram
43:23 Blast Furnace
42:29 Scale Barding Armor
47:11 Chain Barding Armor
46:41 Town Watch
47:53 Light Cavalry
48:43 Bloodlines
48:34 Husbandry
51:40 Plate Barding Armor
xiexieBB
2:44 Loom
3:27 Loom
11:55 Feudal Age
13:39 Wheelbarrow
15:47 Castle Age
14:45 Horse Collar
14:53 Double-Bit Axe
22:38 Heavy Plow
22:51 Bow Saw
23:28 Gold Mining
23:29 Stone Mining
25:11 Gold Shaft Mining
29:26 Imperial Age
26:44 Town Watch
28:08 Hand Cart
28:40 Stone Shaft Mining
28:14 Scale Barding Armor
28:09 Scale Mail Armor
28:42 Coinage
28:38 Forging
28:42 Bloodlines
28:34 Husbandry
27:55 Light Cavalry
29:43 Town Patrol
30:05 Chain Mail Armor
30:41 Masonry
30:27 Murder Holes
30:53 Ballistics
31:34 Chemistry
30:44 Fortified Wall
30:19 Heavy Camel Rider
32:03 Banking
31:55 Chain Barding Armor
32:22 Iron Casting
33:05 Two-Man Saw
32:13 Imperial Camel Rider
33:59 Plate Barding Armor
35:39 Grand Trunk Road
36:15 Hoardings
36:00 Conscription
35:39 Hussar
39:22 Blast Furnace
Ranger-Lee
9:57 Feudal Age
13:41 Castle Age
11:33 Double-Bit Axe
11:49 Horse Collar
19:03 Wheelbarrow
19:58 Bow Saw
20:43 Heavy Plow
22:19 Hand Cart
25:31 Gold Mining
25:32 Stone Mining
28:36 Imperial Age
25:54 Loom
25:55 Town Watch
26:44 Scale Barding Armor
26:49 Forging
27:30 Husbandry
27:41 Bloodlines
28:03 Chain Barding Armor
29:47 Iron Casting
28:38 Cavalier
31:42 Crop Rotation
32:14 Two-Man Saw
32:14 Plate Barding Armor
32:28 Conscription
33:01 Elite Leitis
34:00 Light Cavalry
34:38 Winged Hussar
36:23 Squires
35:43 Pikeman
36:25 Scale Mail Armor
38:21 Stone Shaft Mining
43:22 Fletching
43:33 Padded Archer Armor
43:56 Ballistics
44:37 Chemistry
43:34 Elite Skirmisher
44:19 Thumb Ring
44:16 Bodkin Arrow
44:31 Tower Shields
45:30 Leather Archer Armor
45:20 Bracer
MyGO.Soyo
11:50 Feudal Age
13:59 Wheelbarrow
14:23 Double-Bit Axe
16:57 Castle Age
15:14 Horse Collar
15:46 Scale Mail Armor
17:57 Bow Saw
17:51 Heavy Plow
18:10 Loom
28:55 Gold Mining
30:53 Gold Shaft Mining
30:09 Stone Mining
30:54 Fortified Wall
34:27 Imperial Age
32:33 Hand Cart
32:46 Ballistics
32:42 Gambesons
32:57 Squires
32:43 Arson
32:19 Pikeman
34:48 Chain Mail Armor
34:44 Forging
35:48 Conscription
35:05 Elite Hearth Troop
35:28 Elite Skirmisher
36:17 Shield Wall
38:53 Chemistry
38:00 Siege Engineers
38:26 Elite Varangian Guard
41:11 Halberdier
42:53 Plate Mail Armor
43:01 Iron Casting
42:01 Halberdier
48:51 Caravan
Torg
3:41 Double-Bit Axe
6:32 Horse Collar
10:34 Feudal Age
14:51 Castle Age
13:05 Bow Saw
13:30 Heavy Plow
19:26 Loom
20:27 Wheelbarrow
19:39 Town Watch
19:57 Gold Mining
22:19 Forging
23:52 Scale Barding Armor
24:11 Hand Cart
25:29 Chain Barding Armor
25:04 Stone Mining
25:50 Gold Shaft Mining
27:06 Two-Man Saw
26:01 Cavalier
26:45 Husbandry
27:24 Stone Shaft Mining
27:22 Crop Rotation
26:56 Town Patrol
30:45 Imperial Age
29:04 Iron Casting
30:03 Treadmill Crane
30:44 Ballistics
31:18 Burgundian Vineyards
32:15 Conscription
32:15 Guilds
31:32 Elite Coustillier
33:35 Chemistry
32:32 Murder Holes
32:47 Masonry
33:34 Plate Barding Armor
34:51 Coinage
34:30 Fletching
35:42 Blast Furnace
35:43 Fletching
37:28 Bodkin Arrow
38:41 Architecture
38:31 Bombard Tower
38:53 Bracer
41:55 Fortified Wall
41:36 Guard Tower
44:40 Light Cavalry
46:36 Hussar
Adavi306
10:54 Feudal Age
12:08 Double-Bit Axe
15:08 Castle Age
14:27 Forging
15:54 Horse Collar
21:15 Loom
22:10 Gold Mining
22:56 Scale Mail Armor
24:23 Gambesons
25:39 Chain Mail Armor
30:38 Imperial Age
28:31 Stone Mining
28:59 Bow Saw
29:51 Wheelbarrow
32:19 Plate Mail Armor
31:23 Elite Varangian Guard
32:23 Northmen's Fury
34:45 Onager
murrayj
9:39 Feudal Age
14:05 Castle Age
13:19 Double-Bit Axe
13:24 Loom
13:55 Stone Mining
14:52 Gold Mining
16:39 Scale Mail Armor
18:29 Fletching
19:32 Horse Collar
20:12 Arson
22:15 Wheelbarrow
23:15 Bodkin Arrow
23:40 Chain Mail Armor
26:48 Hand Cart
26:55 Guard Tower
29:20 Ballistics
29:35 Squires
31:50 Pikeman
37:39 Imperial Age
35:28 Masonry
38:32 Forging
38:28 Town Watch
38:43 Halberdier
39:45 Conscription
40:51 Bracer
41:29 Plate Mail Armor
42:28 Shield Wall
47:21 Gold Shaft Mining
47:37 Elite Hearth Troop
49:56 Iron Casting
Incitatus
9:57 Feudal Age
11:26 Double-Bit Axe
14:03 Castle Age
16:08 Bow Saw
17:20 Loom
17:49 Horse Collar
20:00 Wheelbarrow
21:55 Heavy Plow
23:47 Hand Cart
24:20 Fletching
24:31 Padded Archer Armor
28:47 Imperial Age
26:57 Bodkin Arrow
27:21 Gold Mining
27:25 Stone Mining
28:00 Leather Archer Armor
28:22 Yeomen
29:16 Gold Shaft Mining
29:52 Conscription
29:09 Elite Longbowman
30:18 Bracer
33:08 Ring Archer Armor
34:28 Chemistry
33:49 Ballistics
33:58 Ballistics
36:09 Warwolf
Connection lost

Rejoining the realm…

Still unreachable

The connection could not be restored.

Session expired

The server has moved on; the page needs a fresh start.